 Dungeon Crawl Stone Soup version 0.20.1-1-g8b1a95d (console) character file.

305 hilaritas the Twirler (level 6, -1/55 HPs)
             Began as a Gargoyle Gladiator on Dec 4, 2017.
             Was a Follower of Cheibriados.
             Slain by Duvessa
             ... wielding a +0 short sword
              (6 damage)
             ... on level 4 of the Dungeon.
             The game lasted 00:07:31 (2399 turns).

hilaritas the Twirler (Gargoyle Gladiator)          Turns: 2399, Time: 00:07:32

Health: -1/55      AC: 23    Str: 24    XL:     6   Next: 39%
Magic:  5/7        EV:  2    Int: 12    God:    Cheibriados [*.....]
Gold:   132        SH:  0    Dex: 14    Spells: 5/5 levels left

rFire    . . .     SeeInvis +   a - +0 quarterstaff
rCold    . . .     Gourm    .   (shield currently unavailable)
rNeg     + + +     Faith    .   (armour currently unavailable)
rPois    ∞         Spirit   .   (helmet currently unavailable)
rElec    .         Reflect  .   (cloak currently unavailable)
rCorr    .         Harm     .   (gloves currently unavailable)
MR       .....     NoTele   +   (boots currently unavailable)
Stlth    +.........             (no amulet)
Regen    0.2/turn               n - ring of see invisible
MPRegen  0.1/turn               q - +2 ring of strength

@: tree-form (expiring), very slightly contaminated, very slow
A: negative energy resistance 1, petrification resistance, rot immunity, AC +4
a: Bend Time, Renounce Religion


You were on level 4 of the Dungeon.
You worshipped Cheibriados.
Cheibriados was aware of your devotion.
You were not hungry.
You were a tree.
You visited 1 branch of the dungeon, and saw 4 of its levels.

You collected 132 gold pieces.

Inventory:

Hand Weapons
 a - a +0 quarterstaff (weapon)
Missiles
 d - 3 throwing nets (quivered)
Armour
 c - a +0 helmet (melded)
 v - a +0 ring mail (melded)
Jewellery
 n - a ring of see invisible (left branch)
 q - a +2 ring of strength (right branch)
Wands
 g - a wand of lightning (9/15)
Scrolls
 h - a scroll of blinking
 i - 2 scrolls of recharging {unknown}
 l - 3 scrolls of identify {unknown}
 m - a scroll of teleportation {unknown}
 o - a scroll of random uselessness {unknown}
 s - a scroll of remove curse {unknown}
 u - 2 scrolls of fear {unknown}
 y - a scroll of magic mapping {unknown}
Potions
 e - a potion of lignification
 j - a potion of might
 p - a potion of berserk rage {unknown}
 t - a potion of brilliance {unknown}
 x - a potion of mutation {unknown}
Comestibles
 b - 4 fruits
 f - 3 bread rations
 w - a meat ration


   Skills:
 + Level 3.1 Fighting
 * Level 6.2 Staves
 - Level 1.7 Throwing
 - Level 2.4 Dodging
 * Level 2.0 Invocations


You had 5 spell levels left.
You didn't know any spells.

Dungeon Overview and Level Annotations

Branches:
Dungeon (4/15)
 Temple: D:4-7

Altars:
Cheibriados
Dithmenos
Qazlal
Sif Muna

Annotations:
D:4 Duvessa


Innate Abilities, Weirdness & Mutations

You are resistant to torment.
((Your stone body is resilient. (AC +4)))
You are immune to poison.
You resist negative energy. (rN+)
((You are resistant to electric shocks. (rElec)))
((You can survive without breathing.))
You are immune to petrification.
You are immune to rotting.


Message History

You sock Duvessa!
Duvessa is heavily wounded.
Your transformation is almost over.
Duvessa hits you but does no damage. x2
You sock Duvessa!
Duvessa is severely wounded.
Duvessa barely misses you.
You barely miss Duvessa.
Duvessa is severely wounded.
Duvessa hits you but does no damage. Duvessa hits you with a short sword!
* * * LOW HITPOINT WARNING * * *
You hit Duvessa but do no damage.
Duvessa is severely wounded.
Duvessa hits you with a short sword.
* * * LOW HITPOINT WARNING * * *
Okay, then.
You closely miss Duvessa.
Duvessa is severely wounded.
Duvessa hits you but does no damage. Duvessa hits you with a short sword.
You die...

#... ... #..
#.# . #.##.###
..# #.....#
.#..#.....#
#.e.O.[...##...
.##...........#
......#.#####.#
#####.#<.%..# #
#)###.# #♣#
#.e)....#
#...##### #....
#.#.# #....
#.#.# ..#.#


You could see Duvessa (berserk).

Vanquished Creatures
  An ogre (D:4)
  Dowan (D:4)
  8 adders
  4 worms
  4 dart slugs
  3 orcs (D:3)
  5 bats
  4 giant cockroaches
  6 goblins
  6 hobgoblins
  3 jackals (D:2)
  2 quokkas
  9 frilled lizards
  19 kobolds
  6 rats
81 creatures vanquished.

Notes
Turn   | Place    | Note
-------+----------+-------------------------------------------
     0 | D:1      | hilaritas the Gargoyle Gladiator began the quest for the Orb.
     0 | D:1      | Reached XP level 1. HP: 12/12 MP: 1/1
     3 | D:1      | Noticed an electric eel
     6 | D:1      | Noticed an electric eel
    84 | D:1      | Reached XP level 2. HP: 14/17 MP: 2/2
   392 | D:1      | Reached skill level 4 in Staves
   392 | D:1      | Reached XP level 3. HP: 21/21 MP: 3/3
   978 | D:2      | Found a shadowy altar of Dithmenos.
  1148 | D:2      | Reached XP level 4. HP: 22/27 MP: 4/4
  1300 | D:2      | Found a snail-covered altar of Cheibriados.
  1308 | D:2      | Became a worshipper of Cheibriados the Contemplative
  1354 | D:2      | Found a deep blue altar of Sif Muna.
  1384 | D:2      | Noticed an earth elemental
  1386 | D:2      | Found a stormy altar of Qazlal.
  1387 | D:2      | Noticed a fire elemental
  1387 | D:2      | Noticed an air elemental
  1387 | D:2      | Noticed a water elemental
  1417 | D:2      | Reached skill level 5 in Staves
  1533 | D:2      | Reached * piety under Cheibriados
  1736 | D:3      | Reached XP level 5. HP: 30/31 MP: 5/5
  1871 | D:3      | Reached skill level 1 in Invocations
  2358 | D:4      | Noticed Dowan
  2359 | D:4      | Noticed Duvessa
  2359 | D:4      | Noticed an ogre
  2375 | D:4      | Killed an ogre
  2375 | D:4      | Reached skill level 6 in Staves
  2375 | D:4      | Reached XP level 6. HP: 15/37 MP: 2/7
  2383 | D:4      | HP: 1/55 [Duvessa/short sword (6)]
  2389 | D:4      | Killed Dowan
  2399 | D:4      | Slain by Duvessa

Skill      XL: |  1  2  3  4  5  6 |
---------------+-------------------+-----
Staves         | 4 5 6 |  6.2
Invocations    | 1 2 |  2.0
Fighting       | 3 |  3.1
Throwing       | |  1.7
Dodging        | |  2.4

Action                   |  1- 3 |  4- 6 || total
-------------------------+-------+-------++-------
Melee: Quarterstaff      |    96 |   179 ||   275
Invok: Bend Time         |       |     1 ||     1
  Use: Scroll            |       |     1 ||     1
       Potion            |       |     2 ||     2
  Eat: Chunk             |     1 |     3 ||     4
Armor: Leather armour    |    35 |    39 ||    74
       Ring mail         |       |    30 ||    30
       Skin              |       |    21 ||    21
Dodge: Dodged            |    55 |   127 ||   182
